 Dungeon Crawl Stone Soup version 0.30-a0-125-g51eefa89be (webtiles) character file.

Game seed: 5588401447302984211

751 Casaw the Sneak (level 7, -1/32 HPs)
             Began as a Spriggan Enchanter on Sept 18, 2022.
             Slain by a lemure (6 damage)
             ... led by Pikel
             ... on level 5 of the Dungeon.
             The game lasted 00:14:27 (6286 turns).

Casaw the Sneak (Spriggan Enchanter)                Turns: 6286, Time: 00:14:28

Health: -1/32      AC:  3    Str: 12    XL:     7   Next: 49%
Magic:  10/18      EV: 17    Int: 17    God:
Gold:   252        SH:  0    Dex: 15    Spells: 11/19 levels left

rFire   . . .      SeeInvis +    a - +2 dagger
rCold   . . .      Faith    .    (no shield)
rNeg    . . .      Spirit   .    b - +1 robe
rPois   .          Reflect  .    (helmet restricted)
rElec   .          Harm     .    (no cloak)
rCorr   .          Rampage  .    (gloves unavailable)
Will    +....                    (boots unavailable)
Stlth   ++++......               (no amulet)
HPRegen 0.10/turn                p - ring of wizardry
MPRegen 0.16/turn                h - +6 ring of strength

@: very quick
A: very small, no large weapons, unfitting armour, see invisible, speed 3
a: no special abilities


You were on level 5 of the Dungeon.
You visited 2 branches of the dungeon, and saw 6 of its levels.

You collected 252 gold pieces.

Inventory:

Hand Weapons
 a - a +2 dagger (weapon)
 j - a +0 dagger of venom
Armour
 b - a +1 robe (worn)
Jewellery
 d - a ring of positive energy
 h - a +6 ring of strength (right hand)
 p - a ring of wizardry (left hand)
Wands
 k - a wand of acid (3)
Scrolls
 g - a scroll of teleportation
 l - a scroll of immolation
 m - a scroll of magic mapping
 n - a scroll of fog
 o - 2 scrolls of amnesia
Potions
 c - a potion of invisibility
 e - 3 potions of heal wounds
 f - 2 potions of brilliance


   Skills:
 - Level 1.1 Short Blades
 - Level 2.6 Dodging
 + Level 7.3 Stealth
 + Level 6.8 Spellcasting
 + Level 7.3 Hexes


You had 11 spell levels left.
You knew the following spells:

 Your Spells              Type           Power      Damage    Failure   Level
a - Ensorcelled Hibernat  Hex/Ice        36%        N/A       1%          2
b - Tukima's Dance        Hex            30%        N/A       1%          3
d - Confusing Touch       Hex            30%        N/A       1%          3

Your spell library contained the following spells:

 Spells                   Type           Power      Damage    Failure   Level
 Dazzling Flash           Conj/Hex       36%        N/A       3%          3
 Hailstorm                Conj/Ice       5%         3d4       41%         4
 Ice Form                 Ice/Tmut       5%         N/A       41%         4
 Simulacrum               Ice/Necr       2%         N/A       99%         6


Dungeon Overview and Level Annotations

Branches:
Dungeon (5/15)             Temple (1/1) D:4

Altars:
Ashenzari
Fedhas
Gozag
Hepliaklqana
Makhleb
Okawaru
Qazlal
Ru
Sif Muna
Trog
Uskayaw
Vehumet
Wu Jian
Xom
Yredelemnul
The Shining One

Shops:
D:4 (

Annotations:
D:5 Pikel


Innate Abilities, Weirdness & Mutations

You are very small and have problems with some larger weapons.
You are too small for most types of armour.
You have supernaturally acute eyesight. (SInv)
You cover ground extremely quickly. (Speed+++)


Message History

Unknown command.
Unknown command.
Unknown command.
Unknown command.
Unknown command.
Unknown command.
Found 4 stones.
Found a stone staircase leading up.
Aiming: Corrosive Bolt
Press: ? - help, Shift-Dir - straight line, f/p - Pikel
Aim: Pikel, wielding a +0 whip of freezing and wearing a +0 robe (64% to hit)
The bolt of acid hits Pikel!
The acid corrodes Pikel!
Pikel is lightly wounded.
The bolt of acid hits the lemure!
The acid corrodes the lemure!
The lemure is heavily wounded.
Unknown command.
Aiming: Corrosive Bolt
Press: ? - help, Shift-Dir - straight line, f/p - Pikel
Aim: Pikel, wielding a +0 whip of freezing and wearing a +0 robe (lightly wounded, covered in acid, 64% to hit)
The bolt of acid hits the lemure!
The acid corrodes the lemure!
The lemure is moderately wounded.
The bolt of acid hits Pikel!
Pikel seems to be corroded for longer.
Pikel is heavily wounded.
Unknown command.
Unknown command.
You barely miss the lemure.
The lemure is moderately wounded.
The lemure barely misses you.
You hit the lemure.
The lemure is heavily wounded.
The lemure hits you.
* * * LOW HITPOINT WARNING * * *
The lemure closely misses you.
Unknown command.
Casting: Ensorcelled Hibernation (safe; 1% risk of failure)
Confirm with . or Enter, or press ? or * to list all spells.
Aiming: Ensorcelled Hibernation (safe; 1% risk of failure)
Press: ? - help, Shift-Dir - straight line, f/p - Pikel
Aim: Pikel, wielding a +0 whip of freezing and wearing a +0 robe (heavily wounded, covered in acid, chance to affect: 50%) Pikel resists with some effort.
The lemure hits you.
You die...

(.......< ........ ##...
>..........# #...........#.....#
#.....##....#.....#
..................### .##...
....................##.....#.
.....#.....# ##.@...........
.....##..#####.K55##......#
....)......#)###.## #!...#
.........รท...<...# ##...#
.....###)........###....## +.#..
...)#####.)...........#..####.#..
....'...##.......###[..!..##....#
..).'...##...###..###.........#>#
....)...##...###.###.............


You could see Pikel (corroded) and 2 lemures.

Vanquished Creatures
  Grinder (D:5)
  A centaur (D:5)
  A lemure (D:5)
  A scorpion (D:3)
  A crimson imp (D:4)
  3 hounds (D:5)
  7 adders
  9 gnolls
  A white imp (D:4)
  4 worms
  A dart slug (D:1)
  10 orcs
  5 endoplasms
  3 giant cockroaches
  10 hobgoblins
  A jackal (D:5)
  2 quokkas
  8 ball pythons
  4 bats
  8 frilled lizards
  5 goblins
  9 kobolds
  3 rats
98 creatures vanquished.

Vanquished Creatures (collateral kills)
  3 gnolls (D:5)
  An adder (D:5)
  2 orcs (D:4)
  A kobold (D:3)
7 creatures vanquished.

Vanquished Creatures (others)
  A dancing weapon (D:5)
  A lemure (D:5)
2 creatures vanquished.

Grand Total: 107 creatures vanquished

Notes
Turn   | Place    | Note
-------+----------+-------------------------------------------
     0 | D:1      | Casaw the Spriggan Enchanter began the quest for the Orb.
     0 | D:1      | Reached XP level 1. HP: 9/9 MP: 5/5
   273 | D:1      | Reached XP level 2. HP: 13/13 MP: 7/7
   749 | D:2      | Learned a level 2 spell: Ensorcelled Hibernation
   843 | D:2      | Reached XP level 3. HP: 16/16 MP: 3/9
   847 | D:2      | Learned a level 3 spell: Tukima's Dance
   851 | D:2      | Learned a level 3 spell: Confusing Touch
  1957 | D:2      | Found a faded altar of an unknown god.
  2581 | D:2      | Reached skill level 5 in Hexes
  2581 | D:2      | Reached XP level 4. HP: 21/21 MP: 8/11
  3015 | D:3      | Found a radiant altar of Vehumet.
  3170 | D:3      | Found an opulent altar of Gozag.
  3170 | D:3      | Found a hide-covered altar of Uskayaw.
  3573 | D:4      | Found a basalt altar of Yredelemnul.
  3581 | D:4      | Noticed a scorpion
  3634 | D:3      | Killed a scorpion
  3635 | D:3      | Reached skill level 5 in Spellcasting
  3635 | D:3      | Reached XP level 5. HP: 24/24 MP: 2/13
  4553 | D:4      | Found Aci Fiax's Weapon Emporium.
  4559 | D:4      | Reached skill level 5 in Stealth
  4838 | D:4      | Found a staircase to the Ecumenical Temple.
  4848 | Temple   | Entered the Ecumenical Temple
  5146 | D:4      | Reached XP level 6. HP: 28/28 MP: 15/15
  5261 | D:5      | Entered Level 5 of the Dungeon
  5424 | D:5      | Noticed Grinder
  5440 | D:5      | Killed Grinder
  5441 | D:5      | Reached XP level 7. HP: 20/32 MP: 8/17
  5996 | D:5      | Noticed Pikel
  6286 | D:5      | Slain by a lemure

Illustrated notes

Levels and vault maps discovered:
D:1:      spicycebolla_arrival_clurvy, layout_basic, nrook_campfire,
          minmay_unequal
D:2:      layout_loops_corners, hellmonk_ecumenical_altar_pennies_from_heaven,
          minivault_4, minmay_tree_intersection
D:3:      layout_loops_cross, gammafunk_temple_overflow_elements,
          vehumet_crystals, kennysheep_generic_room_4
D:4:      layout_rooms, nicolae_overflow_hidden_temple,
          minmay_temple_entry_slanted, serial_shops, shop,
          chequers_serial_rivers_small_b, minmay_misc_feat_nine_boxes,
          minmay_fire_ice_demons
D:5:      layout_cave_pools, elyvilon_altar_3, serial_gnoll_camp,
          gnoll_camp_mini_basic, gnoll_camp_mini_loothouse,
          gnoll_camp_mini_doghouse, gnoll_camp_mini_hut,
          kennysheep_generic_room_3, uniq_pikel, uniq_grinder
Temple:   nicolae_temple_hex_pool

Skill      XL: |  1  2  3  4  5  6  7 |
---------------+----------------------+-----
Spellcasting   | 3 4 5 6 |  6.8
Hexes          | 4 5 6 7 |  7.3
Stealth        | 5 6 7 |  7.3
Short Blades   | |  1.1
Dodging        | |  2.6

Action                   |  1- 3 |  4- 6 |  7- 9 || total
-------------------------+-------+-------+-------++-------
Melee: Dagger            |   100 |   135 |    23 ||   258
       Punch             |       |     2 |       ||     2
Throw: Dart              |       |       |     2 ||     2
 Cast: Ensorcelled Hiber |    15 |    27 |    17 ||    59
       Tukima's Dance    |       |     5 |     6 ||    11
       Confusing Touch   |       |     2 |       ||     2
Evoke: Wand              |       |     3 |     2 ||     5
  Use: Scroll            |     8 |     5 |       ||    13
       Potion            |       |     2 |       ||     2
 Stab: Sleeping          |    16 |    24 |     7 ||    47
       Distracted        |       |     1 |       ||     1
       Confused          |       |     1 |       ||     1
       Invisible         |       |     3 |       ||     3
       Paralysed         |       |     1 |       ||     1
Armor: Robe              |    11 |    13 |     1 ||    25
Dodge: Dodged            |    60 |   145 |    43 ||   248

Table legend: (Time is in decaauts)
 A = Elapsed time spent in this place.
 B = Non-inter-level travel time spent in this place.
 C = Inter-level travel time spent in this place.
 D = Time resting spent in this place.
 E = Time spent auto-exploring this place.
 F = Levels seen in this place.
 G = Mean time per level.
                   A        B        C        D        E       F      G
               +--------+--------+--------+--------+--------+-----+--------+
         Total |   5073 |   4964 |    109 |    796 |   3368 |   6 |  845.5 |
       Dungeon |   5017 |   4920 |     97 |    796 |   3331 |   5 | 1003.4 |
        Temple |     55 |     43 |     12 |      0 |     36 |   1 |   55.0 |
               +--------+--------+--------+--------+--------+-----+--------+

Top non-repeatable levels by time:
     D:2: 1589 daAuts
     D:4: 1336 daAuts
     D:3: 851 daAuts
     D:1: 685 daAuts
     D:5: 554 daAuts
  Temple: 55 daAuts
